 Dungeon Crawl Stone Soup version 0.17.0-24-gcfadda4 (webtiles) character file.

42 Arkorax the Skirmisher (level 3, 0/20 HPs)
             Began as a Vine Stalker Fighter on Nov 18, 2015.
             Slain by Natasha (6 damage)
             ... on level 2 of the Dungeon.
             The game lasted 00:01:48 (1066 turns).

Arkorax the Skirmisher (Vine Stalker Fighter)       Turns: 1066, Time: 00:01:48

Health: 0/20       AC:  8    Str: 24    XL:     3   Next: 54%
Magic:  0/4        EV:  9    Int:  8    God:
Gold:   43         SH:  0    Dex: 13    Spells: 0 memorised, 2 levels left

rFire  + . .     SeeInvis .     a - +0 long sword
rCold  . . .     Clarity  .     b - +0 scale mail
rNeg   . . .     SustAt   .     (no shield)
rPois  .         Gourm    .     (no helmet)
rElec  .         Spirit   +     (no cloak)
rCorr  .         Warding  .     (no gloves)
rMut   .         Stasis   .     (no boots)
MR     .....                    (no amulet)
Stlth  ..........               o - +2 ring of protection
                                n - ring of protection from fire

@: mighty, not resistant to hostile enchantments, extremely unstealthy
A: fangs 2, regeneration 1, magic shield, antimagic bite, no device heal 3, rot
immunity
a: no special abilities


You were on level 2 of the Dungeon.
You were not hungry.

You visited 1 branch of the dungeon, and saw 2 of its levels.

You collected 43 gold pieces.

Inventory:

Hand Weapons
 a - a +0 long sword (weapon)
 i - a +0 whip
Armour
 b - a +0 scale mail (worn)
 c - a +0 shield
Jewellery
 n - a ring of protection from fire (left hand)
 o - a +2 ring of protection (right hand)
Scrolls
 f - 2 scrolls of recharging {unknown}
 g - a scroll of enchant weapon {unknown}
 h - a scroll of fog {unknown}
 k - 3 scrolls of identify {unknown}
 p - a scroll of random uselessness {unknown}
Potions
 j - a potion of mutation {unknown}
 m - a potion of cancellation
 q - a potion of resistance {unknown}
 r - a potion of degeneration {unknown}
 s - a potion of heal wounds {unknown}
Comestibles
 e - 2 bread rations
 l - a beef jerky


   Skills:
 + Level 3.4 Fighting
 * Level 2.6 Long Blades
 - Level 2.4 Armour
 - Level 2.6 Shields


You had 2 spell levels left.
You didn't know any spells.

Dungeon Overview and Level Annotations

Branches:
Dungeon (2/15)

Altars:
Elyvilon
The Shining One

Annotations:
D:2 Natasha


Innate Abilities, Weirdness & Mutations

You have extremely sharp teeth.
Your natural rate of healing is unusually fast.
When hurt, damage is shared between your health and your magic reserves.
Your bite disrupts and absorbs the magic of your enemies.
Potions and wands cannot restore your health.
You are immune to rotting.


Message History

You resist with some effort.
Natasha is nearby!
Natasha stares at you and mumbles some strange words.
The magic dart hits you! Natasha casts a spell at you. The magic dart hits you!
Natasha claws you!
* * * LOW HITPOINT WARNING * * *
You are too injured to fight recklessly!
You are too injured to fight recklessly!
You are too injured to fight recklessly!
You are too injured to fight recklessly!
Drink which item? (? for menu, Esc to quit)
It was a potion of cancellation.
You feel magically purged.
Natasha stares at you and mumbles some strange words.
You resist with some effort.
Drink which item? (? for menu, Esc to quit)
You feel very mighty all of a sudden. Natasha claws you!
You die...

#######
.......######
###...#.##...##
.......#.....#
#)..........#
#.#........##
#......)....#
#....#.#..#
##.##.@h#
#.###.## ###.#
#.# #.##...# #.#
#.##.### #.#
#.##.#####.#
#.#........#
#.#..##########.
#.#.....รท.......


You could see Natasha.

Vanquished Creatures
  An adder (D:2)
  A worm (D:2)
  A giant gecko (D:1)
  3 goblins
  4 hobgoblins
  3 jackals (D:1)
  A bat (D:2)
  2 giant cockroaches (D:1)
  A giant newt (D:1)
  5 kobolds (D:1)
  2 quokkas (D:2)
  3 rats (D:1)
27 creatures vanquished.

Notes
Turn   | Place    | Note
--------------------------------------------------------------
     0 | D:1      | Arkorax the Vine Stalker Fighter began the quest for the Orb.
     0 | D:1      | Reached XP level 1. HP: 11/11 MP: 2/2
   204 | D:1      | Reached skill level 3 in Fighting
   204 | D:1      | Reached XP level 2. HP: 14/16 MP: 3/3
   744 | D:2      | Found a white marble altar of Elyvilon.
   744 | D:2      | Found a glowing golden altar of the Shining One.
   875 | D:2      | Reached XP level 3. HP: 17/20 MP: 4/4
  1061 | D:2      | Noticed Natasha
  1066 | D:2      | Slain by Natasha

Action                   || total
-------------------------++-------
Melee: Long sword        ||    90
  Use: Potion            ||     2
  Eat: Chunk             ||     1
